cohdb
Replays
Latest Replays
All Replays
Popular Replays
Top Player Replays
Match Explorer
How It Works
Community
CoH3 Stats
Reddit
Sign in to upload your games and track your stats! →
Sign in with Steam
Match 41082310
Unlisted
Match 41082310
Overview
Messages
Build Orders
End
Royal Engineer Section
Royal Engineer Section
Construct Section Command Post
Infantry Section
Infantry Section
Selects Air and Sea Battlegroup
Construct Platoon Command Post
Selects Commando Section Paradrop
Selects Commando Support Section Paradrop
Commando Support Section Paradrop
Construct Field Infirmary
6-pounder Anti-tank Gun Team
6-pounder Anti-tank Gun Team
Wolfe
DeCePe
0
0
Comments
sign in to comment!
No comments posted yet!